[ AOE2 MATCH · #494730329 ]
UnrankedJapanese vs Chinese
Player's team · WIN
Rival team · LOSS
[ REPLAY ANALYSIS · EXTRACTED FROM THE RECORDED GAME ]
Feudal
9:16
Castle
27:25
Imperial
48:07
| APM avg | 67.4 |
| APM peak | 119 |
| eAPM avg | 40.9 |
| Villagers / military | 176 / 85 |
Focus
⚔️ 62.2% · 🌾 37.8%
Archer ×37 · Mangonel ×16 · Skirmisher ×12 · Militia ×7 · Monk ×4 · Knight ×3
Feudal
8:44
Castle
26:12
Imperial
—
| APM avg | 44.0 |
| APM peak | 88 |
| eAPM avg | 23.2 |
| Villagers / military | 98 / 83 |
Focus
⚔️ 28.5% · 🌾 71.5%
Skirmisher ×48 · Archer ×15 · Iron Pagoda ×11 · Battering Ram ×6 · Chu Ko Nu ×3
Match map
Initial resources + every placement click. Lines = walls · curves = elevation contours. ◆ gold · ⬟ stone · ● berries · ✦ relic · ◌ wall gap
Your base· ✓ Closed at 27:25 · 47t walls · no gate
ITA | GiaggiaZena's base· Open — opponent sealed themselves in
Smoothed initial terrain · ◌ = detected wall gap · hover for details
Inputs per minute
— 红魔馆二小姐芙兰朵露 - - ITA | GiaggiaZena
Build order — 红魔馆二小姐芙兰朵露
First 150 of 502 actions detected
| 0:01 | Queue | Villager (Male) |
| 0:01 | Queue | Villager (Male) |
| 0:02 | Build | House |
| 0:03 | Build | House |
| 0:06 | Queue | Villager (Male) |
| 0:09 | Queue | Villager (Male) |
| 1:28 | Queue | Villager (Male) |
| 1:51 | Queue | Villager (Male) |
| 1:51 | Queue | Villager (Male) |
| 2:10 | Queue | Villager (Male) |
| 2:10 | Queue | Villager (Male) |
| 2:15 | Build | Lumber Camp |
| 2:44 | Queue | Villager (Male) |
| 3:02 | Queue | Villager (Male) |
| 3:25 | Build | House |
| 3:32 | Queue | Villager (Male) |
| 3:35 | Queue | Villager (Male) |
| 4:02 | Queue | Villager (Male) |
| 4:03 | Queue | Villager (Male) |
| 4:27 | Queue | Villager (Male) |
| 4:47 | Queue | Villager (Male) |
| 4:54 | Queue | Villager (Male) |
| 5:04 | Build | Barracks |
| 5:15 | Queue | Villager (Male) |
| 5:16 | Queue | Villager (Male) |
| 5:35 | Build | House |
| 5:49 | Research | Loom |
| 5:50 | Research | Loom |
| 6:03 | Build | Mining Camp |
| 6:37 | Queue | Militia |
| 6:56 | Research | Feudal Age |
| 6:57 | Research | Feudal Age |
| 7:06 | Queue | Militia |
| 7:06 | Queue | Militia |
| 7:14 | Build | House |
| 7:28 | Queue | Militia |
| 7:28 | Queue | Militia |
| 7:44 | Queue | Militia |
| 8:00 | Queue | Militia |
| 8:05 | Build | House |
| 8:16 | Queue | Villager (Male) |
| 8:47 | Queue | Villager (Male) |
| 9:16 | Age | Feudal Age |
| 9:22 | Research | Man-at-Arms (upgrade) |
| 9:22 | Research | Man-at-Arms (upgrade) |
| 9:31 | Build | Watch Tower |
| 9:36 | Research | Double-Bit Axe |
| 9:36 | Research | Double-Bit Axe |
| 9:40 | Queue | Villager (Male) |
| 9:50 | Build | Mining Camp |
| 10:00 | Build | Watch Tower |
| 10:10 | Queue | Villager (Male) |
| 10:39 | Queue | Villager (Male) |
| 11:10 | Queue | Villager (Male) |
| 11:15 | Build | Archery Range |
| 11:32 | Build | Watch Tower |
| 11:41 | Queue | Villager (Male) |
| 11:50 | Build | Mill |
| 11:52 | Queue | Villager (Male) |
| 12:01 | Build | Blacksmith |
| 12:03 | Build | House |
| 12:04 | Queue | Archer |
| 12:05 | Queue | Archer |
| 12:22 | Queue | Skirmisher |
| 12:22 | Queue | Skirmisher |
| 12:45 | Queue | Villager (Male) |
| 12:45 | Queue | Villager (Male) |
| 13:02 | Queue | Archer |
| 13:17 | Queue | Skirmisher |
| 13:22 | Queue | Villager (Male) |
| 13:26 | Build | Farm |
| 13:38 | Queue | Skirmisher |
| 13:42 | Build | House |
| 13:45 | Build | Palisade Wall |
| 13:47 | Build | Palisade Wall |
| 13:54 | Queue | Skirmisher |
| 14:00 | Research | Fletching |
| 14:00 | Research | Fletching |
| 14:05 | Build | Farm |
| 14:06 | Build | Farm |
| 14:16 | Queue | Villager (Male) |
| 14:16 | Queue | Villager (Male) |
| 14:22 | Build | Farm |
| 14:44 | Queue | Villager (Male) |
| 14:44 | Queue | Villager (Male) |
| 14:46 | Build | Farm |
| 15:16 | Queue | Villager (Male) |
| 15:20 | Build | Watch Tower |
| 15:23 | Build | Watch Tower |
| 15:28 | Queue | Archer |
| 15:32 | Build | Palisade Wall |
| 15:43 | Build | Palisade Wall |
| 15:45 | Build | Palisade Wall |
| 15:48 | Build | Palisade Wall |
| 15:53 | Build | Palisade Wall |
| 16:01 | Queue | Villager (Male) |
| 16:02 | Queue | Villager (Male) |
| 16:17 | Queue | Archer |
| 16:44 | Queue | Villager (Male) |
| 16:47 | Build | Archery Range |
| 16:49 | Queue | Archer |
| 16:53 | Queue | Archer |
| 16:58 | Queue | Villager (Male) |
| 17:01 | Build | Farm |
| 17:14 | Research | Padded Archer Armor |
| 17:14 | Research | Padded Archer Armor |
| 17:17 | Queue | Archer |
| 17:18 | Queue | Villager (Male) |
| 17:23 | Queue | Archer |
| 17:36 | Queue | Archer |
| 17:44 | Build | House |
| 17:54 | Queue | Villager (Male) |
| 17:56 | Queue | Archer |
| 18:01 | Build | Farm |
| 18:04 | Queue | Villager (Male) |
| 18:05 | Queue | Archer |
| 18:11 | Build | House |
| 18:22 | Build | House |
| 18:23 | Queue | Skirmisher |
| 18:25 | Queue | Villager (Male) |
| 18:27 | Build | Farm |
| 18:29 | Queue | Archer |
| 18:42 | Queue | Skirmisher |
| 18:53 | Queue | Skirmisher |
| 18:53 | Queue | Villager (Male) |
| 19:00 | Build | Stable |
| 19:18 | Queue | Skirmisher |
| 19:19 | Queue | Villager (Male) |
| 19:24 | Queue | Skirmisher |
| 19:43 | Queue | Skirmisher |
| 19:51 | Queue | Skirmisher |
| 19:58 | Queue | Archer |
| 20:00 | Queue | Scout Cavalry |
| 20:22 | Queue | Archer |
| 20:24 | Queue | Archer |
| 20:34 | Queue | Villager (Male) |
| 20:38 | Research | Wheelbarrow |
| 20:38 | Research | Wheelbarrow |
| 20:40 | Build | House |
| 20:41 | Build | House |
| 20:49 | Queue | Archer |
| 21:00 | Queue | Scout Cavalry |
| 21:06 | Build | Watch Tower |
| 21:14 | Queue | Archer |
| 21:26 | Queue | Villager (Male) |
| 21:32 | Build | Farm |
| 21:32 | Build | Farm |
| 21:33 | Build | Farm |
| 21:33 | Build | Farm |
| 21:33 | Build | Farm |
Build order — ITA | GiaggiaZena
First 150 of 273 actions detected
| 0:04 | Research | Loom |
| 0:53 | Queue | Villager (Male) |
| 0:53 | Queue | Villager (Male) |
| 1:15 | Queue | Villager (Male) |
| 1:15 | Queue | Villager (Male) |
| 1:31 | Build | Lumber Camp |
| 1:38 | Queue | Villager (Male) |
| 1:38 | Queue | Villager (Male) |
| 2:02 | Queue | Villager (Male) |
| 2:26 | Queue | Villager (Male) |
| 2:27 | Queue | Villager (Male) |
| 2:49 | Queue | Villager (Male) |
| 2:49 | Queue | Villager (Male) |
| 2:50 | Queue | Villager (Male) |
| 3:18 | Queue | Villager (Male) |
| 3:18 | Queue | Villager (Male) |
| 3:18 | Queue | Villager (Male) |
| 3:30 | Build | House |
| 3:36 | Queue | Villager (Male) |
| 3:37 | Queue | Villager (Male) |
| 3:37 | Queue | Villager (Male) |
| 4:28 | Queue | Villager (Male) |
| 4:28 | Queue | Villager (Male) |
| 4:48 | Queue | Villager (Male) |
| 5:28 | Queue | Villager (Male) |
| 5:31 | Build | Mining Camp |
| 5:36 | Build | Mining Camp |
| 5:50 | Queue | Villager (Male) |
| 6:34 | Research | Feudal Age |
| 6:35 | Research | Feudal Age |
| 6:57 | Build | Barracks |
| 7:02 | Build | Palisade Wall |
| 7:14 | Build | Palisade Wall |
| 7:18 | Build | Palisade Wall |
| 7:27 | Queue | Villager (Male) |
| 7:56 | Build | House |
| 8:44 | Age | Feudal Age |
| 8:49 | Build | Archery Range |
| 8:52 | Research | Double-Bit Axe |
| 8:54 | Queue | Villager (Male) |
| 9:04 | Build | Palisade Wall |
| 9:05 | Build | Palisade Wall |
| 9:06 | Build | Palisade Wall |
| 9:27 | Build | House |
| 9:29 | Queue | Villager (Male) |
| 9:39 | Queue | Archer |
| 9:39 | Queue | Archer |
| 9:55 | Build | Palisade Wall |
| 9:59 | Queue | Villager (Male) |
| 10:02 | Build | Blacksmith |
| 10:11 | Build | Watch Tower |
| 10:21 | Queue | Archer |
| 10:22 | Queue | Villager (Male) |
| 11:17 | Queue | Villager (Male) |
| 11:18 | Queue | Archer |
| 11:32 | Queue | Skirmisher |
| 11:58 | Research | Fletching |
| 12:48 | Queue | Skirmisher |
| 12:48 | Queue | Skirmisher |
| 13:22 | Queue | Villager (Male) |
| 13:56 | Queue | Skirmisher |
| 13:57 | Queue | Villager (Male) |
| 13:57 | Queue | Villager (Male) |
| 14:17 | Queue | Villager (Male) |
| 14:17 | Queue | Villager (Male) |
| 14:24 | Build | House |
| 14:48 | Queue | Villager (Male) |
| 14:52 | Queue | Skirmisher |
| 14:52 | Queue | Skirmisher |
| 15:06 | Build | Mill |
| 15:14 | Queue | Villager (Male) |
| 15:25 | Queue | Archer |
| 15:26 | Queue | Archer |
| 15:35 | Build | Palisade Wall |
| 15:43 | Queue | Villager (Male) |
| 15:44 | Queue | Villager (Male) |
| 15:47 | Build | Farm |
| 15:47 | Build | Farm |
| 15:47 | Build | Farm |
| 15:48 | Build | Farm |
| 16:09 | Queue | Archer |
| 16:53 | Build | Mill |
| 17:02 | Queue | Skirmisher |
| 17:08 | Build | Farm |
| 17:22 | Build | Farm |
| 17:22 | Build | Farm |
| 17:22 | Build | Farm |
| 17:22 | Build | Farm |
| 17:33 | Queue | Skirmisher |
| 17:50 | Queue | Villager (Male) |
| 18:01 | Queue | Skirmisher |
| 18:06 | Queue | Villager (Male) |
| 18:06 | Queue | Villager (Male) |
| 18:19 | Build | Palisade Wall |
| 18:24 | Build | Palisade Gate |
| 18:28 | Build | Palisade Wall |
| 18:32 | Build | Palisade Gate |
| 18:34 | Build | Palisade Wall |
| 18:42 | Queue | Skirmisher |
| 18:46 | Build | Palisade Wall |
| 18:53 | Queue | Villager (Male) |
| 18:53 | Queue | Villager (Male) |
| 18:57 | Build | Farm |
| 18:58 | Build | Farm |
| 19:01 | Build | House |
| 19:20 | Build | House |
| 19:27 | Queue | Villager (Male) |
| 19:30 | Queue | Archer |
| 19:30 | Queue | Archer |
| 19:51 | Build | Palisade Wall |
| 20:12 | Queue | Villager (Male) |
| 20:12 | Queue | Villager (Male) |
| 20:41 | Queue | Skirmisher |
| 20:41 | Queue | Skirmisher |
| 20:49 | Queue | Villager (Male) |
| 20:50 | Queue | Villager (Male) |
| 20:53 | Build | Farm |
| 20:53 | Build | Farm |
| 20:54 | Build | Farm |
| 20:54 | Build | Farm |
| 20:54 | Build | Farm |
| 21:19 | Queue | Villager (Male) |
| 21:44 | Queue | Villager (Male) |
| 22:07 | Queue | Archer |
| 22:17 | Queue | Villager (Male) |
| 22:35 | Build | House |
| 22:38 | Queue | Villager (Male) |
| 22:47 | Build | Market |
| 23:29 | Research | Castle Age |
| 23:29 | Research | Castle Age |
| 23:40 | Build | Archery Range |
| 24:02 | Build | Watch Tower |
| 24:10 | Queue | Skirmisher |
| 24:10 | Queue | Skirmisher |
| 24:10 | Queue | Skirmisher |
| 25:11 | Queue | Skirmisher |
| 25:11 | Queue | Skirmisher |
| 25:11 | Queue | Skirmisher |
| 25:14 | Research | Padded Archer Armor |
| 25:38 | Queue | Skirmisher |
| 25:39 | Queue | Skirmisher |
| 25:44 | Queue | Villager (Male) |
| 26:08 | Queue | Skirmisher |
| 26:09 | Queue | Skirmisher |
| 26:12 | Age | Castle Age |
| 26:16 | Build | Siege Workshop |
| 26:33 | Research | Bodkin Arrow |
| 26:54 | Build | Farm |
| 27:10 | Queue | Battering Ram |
| 27:17 | Queue | Skirmisher |
Match timeline
| 5:04 | 红魔馆二小姐芙兰朵露 · first_building Barracks |
| 6:57 | ITA | GiaggiaZena · first_building Barracks |
| 7:02 | ITA | GiaggiaZena · wall_segment Palisade Wall x1 |
| 7:14 | ITA | GiaggiaZena · wall_segment Palisade Wall x1 |
| 7:18 | ITA | GiaggiaZena · wall_segment Palisade Wall x1 |
| 8:44 | ITA | GiaggiaZena · age_up feudal |
| 8:49 | ITA | GiaggiaZena · first_building Archery Range |
| 9:04 | ITA | GiaggiaZena · wall_segment Palisade Wall x1 |
| 9:05 | ITA | GiaggiaZena · wall_segment Palisade Wall x1 |
| 9:06 | ITA | GiaggiaZena · wall_segment Palisade Wall x1 |
| 9:16 | 红魔馆二小姐芙兰朵露 · age_up feudal |
| 9:55 | ITA | GiaggiaZena · wall_segment Palisade Wall x1 |
| 11:15 | 红魔馆二小姐芙兰朵露 · first_building Archery Range |
| 13:45 | 红魔馆二小姐芙兰朵露 · wall_segment Palisade Wall x1 |
| 13:47 | 红魔馆二小姐芙兰朵露 · wall_segment Palisade Wall x1 |
| 15:32 | 红魔馆二小姐芙兰朵露 · wall_segment Palisade Wall x1 |
| 15:35 | ITA | GiaggiaZena · wall_segment Palisade Wall x1 |
| 15:43 | 红魔馆二小姐芙兰朵露 · wall_segment Palisade Wall x1 |
| 15:45 | 红魔馆二小姐芙兰朵露 · wall_segment Palisade Wall x1 |
| 15:48 | 红魔馆二小姐芙兰朵露 · wall_segment Palisade Wall x1 |
| 15:53 | 红魔馆二小姐芙兰朵露 · wall_segment Palisade Wall x1 |
| 18:19 | ITA | GiaggiaZena · wall_segment Palisade Wall x1 |
| 18:28 | ITA | GiaggiaZena · wall_segment Palisade Wall x1 |
| 18:34 | ITA | GiaggiaZena · wall_segment Palisade Wall x1 |
| 18:46 | ITA | GiaggiaZena · wall_segment Palisade Wall x1 |
| 19:00 | 红魔馆二小姐芙兰朵露 · first_building Stable |
| 19:51 | ITA | GiaggiaZena · wall_segment Palisade Wall x1 |
| 22:45 | 红魔馆二小姐芙兰朵露 · wall_segment Stone Wall x1 |
| 22:46 | 红魔馆二小姐芙兰朵露 · wall_segment Stone Wall x4 |
| 22:48 | 红魔馆二小姐芙兰朵露 · wall_segment Stone Wall x3 |
| 23:10 | 红魔馆二小姐芙兰朵露 · wall_segment Stone Wall x1 |
| 23:11 | 红魔馆二小姐芙兰朵露 · wall_segment Stone Wall x3 |
| 23:20 | 红魔馆二小姐芙兰朵露 · wall_segment Stone Wall x1 |
| 23:23 | 红魔馆二小姐芙兰朵露 · wall_segment Stone Wall x4 |
| 23:25 | 红魔馆二小姐芙兰朵露 · wall_segment Stone Wall x9 |
| 23:27 | 红魔馆二小姐芙兰朵露 · wall_segment Stone Wall x8 |
| 23:49 | ITA | GiaggiaZena · first_market_sell 100 wood |
| 23:50 | ITA | GiaggiaZena · first_market_buy 100 stone |
| 24:15 | 红魔馆二小姐芙兰朵露 · wall_segment Stone Wall x1 |
| 24:18 | 红魔馆二小姐芙兰朵露 · wall_segment Stone Wall x1 |
| 24:19 | 红魔馆二小姐芙兰朵露 · wall_segment Stone Wall x1 |
| 24:44 | 红魔馆二小姐芙兰朵露 · first_market_buy 100 food |
| 25:07 | 红魔馆二小姐芙兰朵露 · wall_segment Stone Wall x1 |
| 25:38 | 红魔馆二小姐芙兰朵露 · wall_segment Stone Wall x1 |
| 26:01 | 红魔馆二小姐芙兰朵露 · wall_segment Stone Wall x1 |
| 26:02 | 红魔馆二小姐芙兰朵露 · wall_segment Stone Wall x4 |
| 26:06 | 红魔馆二小姐芙兰朵露 · wall_segment Stone Wall x5 |
| 26:12 | ITA | GiaggiaZena · age_up castle |
| 26:16 | ITA | GiaggiaZena · first_building Siege Workshop |
| 27:25 | 红魔馆二小姐芙兰朵露 · age_up castle |
| 27:53 | 红魔馆二小姐芙兰朵露 · wall_segment Stone Wall x1 |
| 28:01 | 红魔馆二小姐芙兰朵露 · first_building Siege Workshop |
| 30:42 | 红魔馆二小姐芙兰朵露 · wall_segment Stone Wall x1 |
| 31:02 | 红魔馆二小姐芙兰朵露 · wall_segment Stone Wall x1 |
| 31:03 | 红魔馆二小姐芙兰朵露 · wall_segment Stone Wall x1 |
| 32:02 | 红魔馆二小姐芙兰朵露 · first_market_sell 100 wood |
| 34:00 | 红魔馆二小姐芙兰朵露 · first_building Monastery |
| 34:43 | 红魔馆二小姐芙兰朵露 · wall_segment Stone Wall x1 |
| 36:44 | 红魔馆二小姐芙兰朵露 · wall_segment Stone Wall x1 |
| 36:45 | 红魔馆二小姐芙兰朵露 · wall_segment Stone Wall x4 |
| 37:20 | 红魔馆二小姐芙兰朵露 · wall_segment Stone Wall x1 |
| 37:43 | 红魔馆二小姐芙兰朵露 · wall_segment Stone Wall x1 |
| 37:44 | 红魔馆二小姐芙兰朵露 · wall_segment Stone Wall x7 |
| 37:46 | 红魔馆二小姐芙兰朵露 · wall_segment Stone Wall x5 |
| 40:20 | 红魔馆二小姐芙兰朵露 · wall_segment Stone Wall x1 |
| 40:21 | 红魔馆二小姐芙兰朵露 · wall_segment Stone Wall x7 |
| 40:22 | 红魔馆二小姐芙兰朵露 · wall_segment Stone Wall x4 |
| 40:24 | 红魔馆二小姐芙兰朵露 · wall_segment Stone Wall x5 |
| 40:27 | 红魔馆二小姐芙兰朵露 · wall_segment Stone Wall x6 |
| 42:12 | ITA | GiaggiaZena · first_building Castle |
| 46:09 | 红魔馆二小姐芙兰朵露 · wall_segment Stone Wall x1 |
| 46:10 | 红魔馆二小姐芙兰朵露 · wall_segment Stone Wall x7 |
| 46:12 | 红魔馆二小姐芙兰朵露 · wall_segment Stone Wall x1 |
| 46:13 | 红魔馆二小姐芙兰朵露 · wall_segment Stone Wall x1 |
| 46:14 | 红魔馆二小姐芙兰朵露 · wall_segment Stone Wall x4 |
| 46:15 | 红魔馆二小姐芙兰朵露 · wall_segment Stone Wall x7 |
| 46:18 | 红魔馆二小姐芙兰朵露 · wall_segment Stone Wall x1 |
| 46:20 | 红魔馆二小姐芙兰朵露 · wall_segment Stone Wall x11 |
| 46:25 | 红魔馆二小姐芙兰朵露 · wall_segment Stone Wall x1 |
| 46:26 | 红魔馆二小姐芙兰朵露 · wall_segment Stone Wall x1 |
| 46:27 | 红魔馆二小姐芙兰朵露 · wall_segment Stone Wall x7 |
| 46:28 | 红魔馆二小姐芙兰朵露 · wall_segment Stone Wall x5 |
| 46:33 | 红魔馆二小姐芙兰朵露 · wall_segment Stone Wall x1 |
| 46:33 | 红魔馆二小姐芙兰朵露 · wall_segment Stone Wall x5 |
| 46:40 | 红魔馆二小姐芙兰朵露 · wall_segment Stone Wall x1 |
| 46:41 | 红魔馆二小姐芙兰朵露 · wall_segment Stone Wall x4 |
| 46:42 | 红魔馆二小姐芙兰朵露 · wall_segment Stone Wall x3 |
| 46:49 | 红魔馆二小姐芙兰朵露 · wall_segment Stone Wall x1 |
| 46:49 | 红魔馆二小姐芙兰朵露 · wall_segment Stone Wall x1 |
| 47:10 | 红魔馆二小姐芙兰朵露 · first_building Castle |
| 48:07 | 红魔馆二小姐芙兰朵露 · age_up imperial |
| 48:16 | ITA | GiaggiaZena · resign |
[ AI ANALYSIS · 1 CREDIT ]
What really happened in this match?
Wolo.gg analyzes every decision: build order, eco, micro, common mistakes by bracket. Personalized analysis on WhatsApp or Discord in 30 seconds.
Civ guide
Japanese
Perfil
Jugador #20773066